 Dungeon Crawl Stone Soup version 0.23.2-33-g5129a83184 (webtiles) character file.

Game seed: 9403012910974783392

591 FishyPogo the Magician (level 7, -4/46 HPs)
             Began as a Mummy Wizard on July 31, 2019.
             Slain by an orc warrior
             ... wielding a +0 dire flail
              (17 damage)
             ... on level 4 of the Dungeon.
             The game lasted 00:44:33 (3951 turns).

FishyPogo the Magician (Mummy Wizard)               Turns: 3951, Time: 00:44:34

Health: -4/46      AC:  3    Str: 12    XL:     7   Next: 16%
Magic:  11/16      EV: 13    Int: 25    God:
Gold:   209        SH:  0    Dex:  8    Spells: 15/18 levels left

rFire    x . .     SeeInvis +   p - +10 dagger of the Radish {pierce, rC+ rN+ Str+2 Int+7 Dex-4 SInv}
rCold    + + .     Gourm    .   (no shield)
rNeg     + + +     Faith    .   a - +0 robe
rPois    ∞         Spirit   .   c - +0 helmet
rElec    .         Reflect  .   (no cloak)
rCorr    .         Harm     .   (no gloves)
MR       .....                  (no boots)
Stlth    ++........             (no amulet)
HPRegen  0.15/turn              k - ring of see invisible
MPRegen  0.15/turn              (no ring)

@: no status effects
A: no food or potions, fire vulnerability, cold resistance 1, negative energy
resistance 3, torment resistance, unbreathing
a: no special abilities


You were on level 4 of the Dungeon.
You were not hungry.

You visited 1 branch of the dungeon, and saw 5 of its levels.

You collected 209 gold pieces.

Inventory:

Hand Weapons
 g - a +4 dagger
 p - the +10 dagger of the Radish (weapon) {pierce, rC+ rN+ Str+2 Int+7 Dex-4 SInv}
   (You found it on level 4 of the Dungeon)

   It inflicts extra damage upon your enemies.
   It affects your strength (+2).
   It affects your intelligence (+7).
   It affects your dexterity (-4).
   It protects you from cold.
   It protects you from negative energy.
   It lets you see invisible.
Armour
 a - a +0 robe (worn)
 c - a +0 helmet (worn)
Magical Staves
 n - an uncursed staff of power
Jewellery
 k - a ring of see invisible (left hand)
Wands
 m - a wand of flame (11)
 o - a wand of random effects (22)
Scrolls
 b - 2 scrolls of enchant weapon
 d - 2 scrolls of identify
 e - a scroll of enchant armour {unknown}
 f - 3 scrolls of teleportation
 h - 4 scrolls of remove curse
 i - a scroll of magic mapping
 j - a scroll of blinking {unknown}
 l - a scroll of noise {unknown}


   Skills:
 + Level 0.9 Short Blades
 * Level 3.4 Dodging
 * Level 3.7 Stealth
 * Level 6.1 Spellcasting
 - Level 2.0 Conjurations
 - Level 2.1 Summonings
   Level 0.7 Translocations


You had 15 spell levels left.
You knew the following spells:

 Your Spells              Type           Power        Failure   Level  Hunger
a - Magic Dart            Conj           ###.         3%          1    N/A
b - Call Imp              Summ           ###.....     4%          2    N/A

Your spell library contained the following spells:

 Spells                   Type           Power        Failure   Level  Hunger
 Blink                    Tloc           N/A          9%          2    N/A
 Slow                     Hex            #.......     11%         2    N/A
 Conjure Flame            Conj/Fire      ##......     14%         3    N/A
 Mephitic Cloud           Conj/Pois/Air  ##......     17%         3    N/A

Dungeon Overview and Level Annotations

Branches:
Dungeon (5/15)
 Temple: D:4-7

Altars:
The Shining One

Annotations:
D:3 1 runed translucent door


Innate Abilities, Weirdness & Mutations

You do not eat or drink.
Your flesh is vulnerable to fire.
You are immune to poison.
Your flesh is cold resistant. (rC+)
You are immune to negative energy. (rN+++)
You are immune to unholy pain and torment.
You can survive without breathing.


Message History

The orc warrior hits you with a +0 dire flail!
Casting: Call Imp (safe; 4% risk of failure)
Confirm with . or Enter, or press ? or * to list all spells.
A beastly little devil appears in a puff of flame.
The orc warrior hits you with a +0 dire flail!
Casting: Call Imp (safe; 4% risk of failure)
Confirm with . or Enter, or press ? or * to list all spells.
A beastly little devil appears in a puff of frigid air.
The orc warrior hits you with a +0 dire flail.
* * * LOW HITPOINT WARNING * * *
Your crimson imp misses the orc warrior.
Your crimson imp hits the orc warrior but does no damage.
Your crimson imp misses the orc warrior.
Your white imp gestures at the orc warrior.
The puff of frost hits the orc warrior.
Casting: Call Imp (safe; 4% risk of failure)
Confirm with . or Enter, or press ? or * to list all spells.
A shadowy apparition takes form in the air.
The orc warrior hits you with a +0 dire flail!
You die...

....##..###.######.###.## #.
#######......##........# #.
# #####...#[..(....# #.
#............# #.
##.#.........# #.
#<#.).......# #. ##
#....#..##.## #† .#
#.....5###.# ## .## #....@##
#.# # ..## #...o## #(# #
#>.#########..55# #.#### #
##.........#....# #....###
#########....### ###....#
##.....>## #....# #
#######..####..########....#
#
...........................#
#
###.###########.#######....#
#


You could see an orc warrior, a friendly crimson imp, a friendly white imp and a
friendly shadow imp.

Vanquished Creatures
  A bullfrog skeleton (D:5)
  A hound (D:4)
  A centaur skeleton (D:4)
  Jessica (D:2)
  2 iguanas
  A worker ant (D:4)
  A hound zombie (D:5)
  2 gnolls (D:3)
  2 adders
  An ooze (D:1)
  A worm (D:2)
  A dart slug (D:2)
  2 leopard geckos (D:1)
  6 bats
  3 giant cockroaches
  3 hobgoblins
  2 jackals (D:1)
  3 kobolds (D:1)
  3 frilled lizards
  5 goblins
  6 rats
48 creatures vanquished.

Vanquished Creatures (collateral kills)
  Eustachio (D:4)
  2 scorpions
  A centaur zombie (D:3)
  A jelly (D:2)
  A hound (D:4)
  Natasha (twice) (D:2)
  2 worker ants
  2 gnolls (D:3)
  6 adders (D:3)
  2 adder skeletons
  A dart slug (D:2)
  A leopard gecko (D:2)
  5 orcs (D:3)
  3 giant cockroaches
  3 goblins
  4 hobgoblins
  3 jackals (D:4)
  A quokka (D:3)
  A frilled lizard (D:3)
  2 kobolds (D:2)
44 creatures vanquished.

Grand Total: 92 creatures vanquished

Notes
Turn   | Place    | Note
-------+----------+-------------------------------------------
     0 | D:1      | FishyPogo the Mummy Wizard began the quest for the Orb.
     0 | D:1      | Reached XP level 1. HP: 13/13 MP: 5/5
   159 | D:1      | Reached XP level 2. HP: 19/19 MP: 0/7
   168 | D:1      | Learned a level 2 spell: Call Imp
   323 | D:1      | Reached skill level 1 in Conjurations
  1224 | D:2      | Reached XP level 3. HP: 24/24 MP: 2/8
  1322 | D:2      | Noticed Natasha
  1323 | D:2      | Noticed Jessica
  1342 | D:2      | Killed Natasha
  1343 | D:2      | Reached skill level 1 in Summonings
  1375 | D:2      | Noticed Natasha
  1385 | D:2      | Killed Natasha
  1396 | D:2      | Killed Jessica
  1396 | D:2      | Reached XP level 4. HP: 24/30 MP: 0/10
  1986 | D:3      | Reached XP level 5. HP: 31/35 MP: 0/12
  2150 | D:3      | Found a glowing golden altar of the Shining One.
  2150 | D:3      | Found a runed translucent door.
  2150 | D:3      | Noticed an angel
  2314 | D:3      | Reached skill level 5 in Spellcasting
  2899 | D:4      | Noticed Eustachio
  3090 | D:4      | Killed Eustachio
  3090 | D:4      | Reached XP level 6. HP: 19/41 MP: 0/14
  3409 | D:4      | Identified the +10 dagger of the Radish {pierce, rC+ rN+
                  | Str+2 Int+7 Dex-4 SInv} (You found it on level 4 of the
                  | Dungeon)
  3703 | D:5      | Entered Level 5 of the Dungeon
  3722 | D:5      | Noticed an orc warrior
  3740 | D:4      | Reached XP level 7. HP: 28/46 MP: 1/15
  3861 | D:5      | Reached skill level 6 in Spellcasting
  3951 | D:4      | Slain by an orc warrior

Skill      XL: |  1  2  3  4  5  6  7 |
---------------+----------------------+-----
Conjurations   | 1 2 |  2.0
Stealth        | 2 3 |  3.7
Dodging        | 2 3 |  3.4
Summonings     | 1 2 |  2.1
Spellcasting   | 5 6 |  6.1
Short Blades   | |  0.9
Translocations | |  0.7

Action                   |  1- 3 |  4- 6 |  7- 9 || total
-------------------------+-------+-------+-------++-------
Melee: Unarmed           |     5 |       |       ||     5
       Dagger            |    28 |    59 |     6 ||    93
 Cast: Magic Dart        |    37 |    49 |     1 ||    87
       Call Imp          |    24 |    56 |     9 ||    89
  Use: Scroll            |       |     6 |       ||     6
 Stab: Sleeping          |     2 |     5 |       ||     7
Armor: Robe              |     9 |    15 |       ||    24
Dodge: Dodged            |    30 |    61 |     3 ||    94
